 Dungeon Crawl Stone Soup version 0.26-a0-61-g6c07f0ee8d (webtiles) character file.

Game seed: 3245847224068668729

1188 MarredHen the Cutter (level 8, -11/49 HPs)
             Began as a Kobold Chaos Knight on June 8, 2020.
             Was a Plaything of Xom.
             Mangled by an iguana (13 damage)
             ... on level 5 of the Dungeon.
             The game lasted 00:13:35 (4012 turns).

MarredHen the Cutter (Kobold Chaos Knight)          Turns: 4012, Time: 00:13:35

Health: -11/49     AC:  7    Str: 15      XL:     8   Next: 71%
Magic:  12/12      EV: 14    Int: 12 (14) God:    Xom [.*....]
Gold:   154        SH:  7    Dex: 14      Spells: 13/13 levels left

rFire    . . .     SeeInvis .   t - +3 dagger (chaos)
rCold    . . .     Gourm    .   p - +0 kite shield
rNeg     . . .     Faith    .   b - +2 leather armour
rPois    .         Spirit   .   r - +0 hat
rElec    +         Reflect  .   (no cloak)
rCorr    +         Harm     .   (no gloves)
MR       .....                  e - +1 pair of boots
Stlth    ++++......             q - amulet of regeneration (curse)
HPRegen  0.56/turn              o - ring of stealth
MPRegen  0.13/turn              x - ring of resist corrosion

@: no status effects
A: small, horns 1, carnivore, electricity resistance, strong 2
a: Renounce Religion


You were on level 5 of the Dungeon.
You worshipped Xom.
You were a plaything of Xom.
You were not hungry.

You visited 1 branch of the dungeon, and saw 5 of its levels.

You collected 154 gold pieces.

Inventory:

Hand Weapons
 l - a +4 falchion
 s - a +0 rapier
 t - a +3 dagger of chaos (weapon)
Armour
 b - a +2 leather armour (worn)
 e - a +1 pair of boots (worn)
 p - a +0 kite shield (worn)
 r - a +0 hat (worn)
Jewellery
 o - a ring of stealth (left hand)
 q - a cursed amulet of regeneration (around neck)
 x - a ring of resist corrosion (right hand)
Scrolls
 a - a scroll of identify
 h - 4 scrolls of remove curse
 j - a scroll of enchant weapon
 w - a scroll of fog {unknown}
Potions
 d - 2 potions of degeneration
 g - a potion of might {unknown}
 i - a potion of stabbing {unknown}
 k - a potion of berserk rage {unknown}
 m - a potion of heal wounds {unknown}
 n - a potion of flight {unknown}
 u - 2 potions of magic {unknown}
 v - a potion of mutation {unknown}
Comestibles
 c - 11 rations
 f - a chunk of flesh


   Skills:
 + Level 5.3 Fighting
 + Level 7.0 Short Blades
 + Level 3.4 Armour
 + Level 5.5 Dodging
 + Level 4.7 Stealth
 + Level 3.2 Spellcasting


You had 13 spell levels left.
You didn't know any spells.
Your spell library contained the following spells:

 Spells                   Type           Power        Failure   Level  Hunger
 Confusing Touch          Hex            #.......     99%         3    ###....
 Gell's Gravitas          Tloc           #.........   99%         3    ###....
 Petrify                  Tmut/Erth      #.......     100%        4    #####..
 Metabolic Englaciation   Hex/Ice        #.........   100%        5    ######.
 Yara's Violent Unravell  Hex/Tmut       #.........   100%        5    ######.


Dungeon Overview and Level Annotations

Branches:
Dungeon (5/15)             Temple (0/1) D:5

Altars:
Cheibriados
Fedhas


Innate Abilities, Weirdness & Mutations

You are small and have problems with some larger weapons.
You are carnivorous and can eat meat at any time.
You have a pair of small horns on your head.
You are resistant to electric shocks. (rElec)
Your muscles are very strong. (Str +4)


Message History

Deactivating autopickup; reactivate with Ctrl-A.
You headbutt something. Something bites you!
You emit a cloud of colourful smoke!
You hit something.
Nothing appears to happen.
You barely miss something. Something bites you.
You hit something.
Nothing appears to happen.
You block the leopard gecko's attack. Something bites you.
The leopard gecko bites you but does no damage.
The leopard gecko misses you. The leopard gecko barely misses you.
You hit the leopard gecko.
You feel better.
You kill the leopard gecko!
Something bites you. Something bites you!
Unknown command.
Something bites you!
You start resting.
Something bites you!
* * * LOW HITPOINT WARNING * * *
Something bites you!
You die...
Xom bursts into laughter!

#
###############.#..((.)........
# #....+......[....... #
#....#.............. #
##....#.............. ####
#...###.............. #..#
###......##########+# )..#
#......+ #..# #......# #..#
#.@....# ...# #{☼....# ...#
##########§§....#
#'####.#......§§§....#
.........#...........#
.........#...........#
.........+...........#
.........#..!........#
.........#...........+


There were no monsters in sight!

Vanquished Creatures
  Menkaure (D:4)
  Duvessa (D:4)
  An ogre (D:4)
  A phantom (D:4)
  2 centaurs (D:5)
  Blork the orc (D:4)
  Dowan (D:4)
  2 howler monkeys (D:5)
  A jelly (D:5)
  An orc priest (D:5)
  4 orc wizards (D:5)
  A hound skeleton (D:4)
  8 gnolls
  4 adders
  An ooze (D:2)
  An adder zombie (D:5)
  A worm (D:3)
  3 dart slugs (D:2)
  4 leopard geckos
  12 orcs
  11 bats
  9 giant cockroaches
  6 goblins
  11 hobgoblins
  7 jackals
  10 kobolds
  3 quokkas
  A ball python (D:2)
  10 frilled lizards
  A quokka skeleton (D:3)
  7 rats
127 creatures vanquished.

Vanquished Creatures (collateral kills)
  A kobold (D:3)
1 creature vanquished.

Grand Total: 128 creatures vanquished

Notes
Turn   | Place    | Note
-------+----------+-------------------------------------------
     0 | D:1      | MarredHen the Kobold Chaos Knight began the quest for the
                  | Orb.
     0 | D:1      | Reached XP level 1. HP: 14/14 MP: 1/1
   212 | D:1      | Reached XP level 2. HP: 19/19 MP: 2/2
   367 | D:1      | XOM: noise
   383 | D:1      | XOM: enchant monster (bad)
   432 | D:1      | XOM: blink monster(s)
   449 | D:1      | Reached XP level 3. HP: 16/23 MP: 3/3
   767 | D:1      | Reached skill level 1 in Armour
   926 | D:2      | XOM: fake destruction
  1093 | D:2      | Reached XP level 4. HP: 29/29 MP: 4/4
  1099 | D:2      | Found a snail-covered altar of Cheibriados.
  1192 | D:2      | Reached skill level 5 in Short Blades
  1535 | D:2      | XOM: 1-stop teleportation journey
  1617 | D:2      | XOM: give mutations
  1617 | D:2      | Gained mutation: You are resistant to electric shocks.
                  | (rElec) [Xom's grace]
  1617 | D:2      | Gained mutation: You have a pair of small horns on your
                  | head. [Xom's grace]
  1617 | D:2      | Gained mutation: Your muscles are strong. (Str +2) [Xom's
                  | grace]
  1854 | D:3      | Found a blossoming altar of Fedhas.
  1854 | D:3      | XOM: confuse monster(s)
  1880 | D:3      | Reached XP level 5. HP: 33/33 MP: 5/5
  2134 | D:3      | Reached skill level 1 in Stealth
  2285 | D:3      | XOM: 2-stop teleportation journey
  2355 | D:3      | XOM: give mutation
  2355 | D:3      | Gained mutation: Your muscles are very strong. (Str +4)
                  | [Xom's grace]
  2371 | D:3      | XOM: god gift: rapier {god gift}
  2669 | D:3      | XOM: torment (18/33 hp)
  2842 | D:4      | Noticed Dowan
  2843 | D:4      | Noticed Duvessa
  2852 | D:4      | XOM: chaos upgrade
  2854 | D:4      | XOM: enchant monster (bad)
  2859 | D:4      | Killed Duvessa
  2859 | D:4      | Reached skill level 1 in Spellcasting
  2859 | D:4      | Reached XP level 6. HP: 19/38 MP: 5/7
  2861 | D:4      | XOM: silly message
  2862 | D:4      | XOM: potion effect (invisibility)
  2868 | D:4      | Killed Dowan
  2916 | D:4      | Noticed an ogre
  2923 | D:4      | Killed an ogre
  2923 | D:4      | Reached skill level 6 in Short Blades
  2923 | D:4      | Reached XP level 7. HP: 44/44 MP: 9/9
  2962 | D:4      | Noticed Menkaure
  2964 | D:4      | XOM: potion effect (stabbing)
  2967 | D:4      | XOM: potion effect (stabbing)
  2972 | D:4      | Killed Menkaure
  2991 | D:4      | Noticed Blork the orc
  3004 | D:4      | Killed Blork the orc
  3105 | D:4      | XOM: blink monster(s)
  3133 | D:4      | XOM: summons 4 hostile shadow creatures
  3154 | D:4      | XOM: polymorph orc -> quokka
  3157 | D:4      | XOM: enchant monster (good)
  3182 | D:4      | Reached XP level 8. HP: 34/48 MP: 11/11
  3388 | D:4      | XOM: stat loss: -1 Dex (12/14)
  3494 | D:5      | Entered Level 5 of the Dungeon
  3521 | D:5      | Reached skill level 5 in Dodging
  3532 | D:5      | XOM: summons 5 hostile demons
  3634 | D:5      | Reached skill level 5 in Fighting
  3753 | D:5      | XOM: 2-stop teleportation journey
  3755 | D:5      | XOM: enchant monster (good)
  3800 | D:5      | Reached skill level 7 in Short Blades
  3966 | D:5      | Found a staircase to the Ecumenical Temple.
  4002 | D:5      | XOM: smoke on damage
  4011 | D:5      | HP: 2/49 [something (17)]
  4012 | D:5      | Mangled by an iguana

Illustrated notes

Levels and vault maps discovered:
D:1:      erik_arrival_blinker_ship, layout_basic
D:2:      layout_rooms, kennysheep_slug_shrine
D:3:      minmay_diamond_boxcup, layout_basic, old_standard_altar
D:4:      layout_cave_pools, first_ration, uniq_duvessa, uniq_menkaure,
          uniq_blork_the_orc
D:5:      layout_gridville, minmay_temple_entry_nine_rooms, basic_altar,
          uniq_eustachio

Skill      XL: |  1  2  3  4  5  6  7  8 |
---------------+-------------------------+-----
Dodging        | 3 4 5 |  5.5
Armour         | 1 2 3 |  3.4
Short Blades   | 5 6 7 |  7.0
Stealth        | 2 3 4 |  4.7
Fighting       | 4 5 |  5.3
Spellcasting   | 1 2 3 |  3.2

Action                   |  1- 3 |  4- 6 |  7- 9 || total
-------------------------+-------+-------+-------++-------
Melee: Short sword       |   118 |   156 |       ||   274
       Headbutt          |       |    15 |    24 ||    39
       Dagger            |       |     1 |   173 ||   174
  Use: Scroll            |     3 |     2 |     1 ||     6
       Potion            |       |       |     3 ||     3
 Stab: Sleeping          |       |     5 |     4 ||     9
       Invisible         |       |     1 |       ||     1
       Paralysed         |       |       |     3 ||     3
       Petrifying        |       |       |     1 ||     1
  Eat: Chunk             |     4 |     8 |     2 ||    14
Armor: Leather armour    |    51 |    45 |    21 ||   117
       Skin              |       |       |    34 ||    34
Dodge: Dodged            |   135 |    99 |    88 ||   322
Block: Kite shield       |       |    20 |    58 ||    78

Table legend:
 A = Non-vault XP
 B = Vault XP
 C = Vault XP percentage of total XP
 D = Non-vault monster count
 E = Vault monster count
 F = Vault count percentage of total count
                 A         B        C        D         E       F
            +---------+---------+-------+---------+---------+-------
      Total |    1174 |     524 |  30.9 |     113 |      15 |  11.7
            +---------+---------+-------+---------+---------+-------
        D:1 |      50 |       0 |   0.0 |      29 |       0 |   0.0
        D:2 |      60 |       4 |   6.2 |      22 |       1 |   4.3
        D:3 |      99 |      29 |  22.7 |      26 |      10 |  27.8
        D:4 |     342 |     491 |  58.9 |      12 |       4 |  25.0
        D:5 |     623 |       0 |   0.0 |      24 |       0 |   0.0
            +---------+---------+-------+---------+---------+-------
